[Event "LTU-ch Women 2019"]
[Site "Vilnius"]
[Date "2019.03.21"]
[Round "7.6"]
[White "Maciulaityte, Barbora"]
[Black "Ramanauskaite, Giedre"]
[Result "1/2-1/2"]
[ECO "C26"]
[WhiteElo "1765"]
[BlackElo "1870"]
[Annotator "NA RC"]
[PlyCount "75"]
[EventDate "2019.??.??"]
[EventCountry "LTU"]
[SourceTitle "playchess.com"]
[Source "ChessBase"]
[SourceQuality "1"]
[TimeControl "5400+30"]

1. e4 e5 2. Nc3 Nf6 3. g3 Nc6 4. Bg2 a6 5. Nge2 Bc5 6. O-O O-O 7. h3 {[%emt 0:01:51] C26: Vienna Game: 2...Nf6, sidelines} (7. d3 d6 8. h3 Be6 9. Kh2 d5 10. f4 dxe4 11. f5 exd3 12. fxe6 dxe2 13. exf7+ Rxf7 14. Qxe2 Nd4 15. Qc4 Qf8 16. Ne4 Rd8 {1-0 (24) Mamedov,R (2703)-Tang,A (2487) chess.com INT 2019}) 7... d6 8. Kh2 Ne8 9. f4 exf4 10. Rxf4 $146 ({Predecessor:} 10. Nxf4 Nd4 11. d3 c6 12. Nce2 f5 13. Nxd4 Bxd4 14. c3 Be5 {1-0 (68) Turner,M (2400)-Hresc,V (2445) Werfen 1995}) 10... Nd4 11. Nxd4 Bxd4 12. Ne2 Be5 13. Rf2 c5 14. c3 c4 15. d4 cxd3 $1 16. Qxd3 Nf6 17. Be3 b5 18. Nf4 Bb7 19. a4 Bc6 20. axb5 axb5 21. Rff1 Qc8 ({Black should play} 21... Rxa1 $15 22. Rxa1 h5) 22. Nd5 Nxd5 (22... Bxd5 $5 23. exd5 Rb8 $11) 23. exd5 Bd7 24. Bd4 f6 25. Qe4 Qb7 26. Bxe5 fxe5 27. Rxf8+ Rxf8 28. Qe3 Ra8 29. Rxa8+ Qxa8 30. Qb6 Qf8 31. Kg1 h5 32. Qb7 Be8 33. Qc7 Qf6 34. Qb8 Kf7 35. Qc8 Ke7 36. Bf1 (36. Be4 $11 {keeps the balance.}) 36... Bd7 37. Qh8 Be8 $11 ({Black should play} 37... Qg6 $17 38. Kf2 e4) 38. Bg2 1/2-1/2